Blackhawks vs Sabres

Created - Wednesday, December 30, 2015 at 03:59

Goals
1 2 3 OT1 T
Blackhawks 0 2 1 0 3
Sabres 2 0 1 1 4
Shots
1 2 3 OT1 T
Blackhawks 13 14 10 2 39
Sabres 5 13 8 4 30

1st period

1. Sabres , Benoit Pouliot 19 (Blake Wheeler, Karri Ramo) at 8:33 (PP)
2. Sabres , Blake Wheeler 18 (Nikita Zadorov) at 19:12 (PP)

Penalties :
Steven Stamkos (Buf) for Slashing (Minor) at 0:34, Dustin Byfuglien (Chi) for Hooking (Minor) at 7:42, Andrew Shaw (Chi) for Hooking (Minor) at 12:27, Gustav Nyquist (Buf) for Hooking (Minor) at 17:07, Dustin Byfuglien (Chi) for Slashing (Minor) at 17:37

2nd period

3. Blackhawks , Martin Hanzal 8 (Tanner Pearson, Tyler Toffoli) at 0:08
4. Blackhawks , Pascal Dupuis 21 (David Backes) at 6:00

Penalties :
Blake Wheeler (Buf) for Hooking (Minor) at 3:52, Blake Wheeler (Buf) for Roughing (Minor) at 6:30, Dustin Byfuglien (Chi) for Tripping (Minor) at 6:39, Nikita Zadorov (Buf) for Roughing (Minor) at 9:26, Chris Higgins (Buf) for High sticking (Minor) at 10:43, Sidney Crosby (Buf) for Holding (Minor) at 13:32, Michael Del Zotto (Chi) for Tripping (Minor) at 16:40

3rd period

5. Sabres , Blake Wheeler 19 (Nate Schmidt, Nikita Zadorov) at 5:10
6. Blackhawks , Tyler Toffoli 11 (Martin Hanzal, Dustin Byfuglien) at 10:16 (PP)

Penalties :
Ryan Kesler (Buf) for Hooking (Minor) at 6:27, Brent Burns (Chi) for Hooking (Minor) at 6:44, David Perron (Buf) for Tripping (Minor) at 10:04, Benoit Pouliot (Buf) for Roughing (Minor) at 10:21

Overtime #1

7. Sabres , David Perron 7 (Jay Bouwmeester, Gustav Nyquist) at 4:34

Penalties :
No Penalty

Goalie Stats

Craig Anderson (Chi), 26 saves from 30 shots - (0.867), OTL, 17-6-4, 64:34 minutes
Karri Ramo (Buf), 36 saves from 39 shots - (0.923), W, 7-3-0, 64:34 minutes

Players Stats for Blackhawks

Player Name              G  A  P  +/- PIM S  H  SB GA TA FO     MP     PP MP  PK MP  
------------------------------------------------------------------------------------
Andrew Shaw              0  0  0   0  2   2  2  0  0  0  5/7    10:00   0:00   0:00 
Brent Burns              0  0  0  -1  2   2  1  1  0  0  0/0    27:08   7:23   3:07 
Brock Nelson             0  0  0  -1  0   3  1  0  1  1  0/1    14:49   0:00   0:06 
Brooks Laich             0  0  0   0  0   1  1  0  0  1  0/0    12:55   0:00   2:59 
Craig Smith              0  0  0   0  0   2  3  0  1  2  0/0    13:59   0:00   0:26 
David Backes             0  1  1   1  0   5  4  0  1  0  13/23  19:11   6:17   1:50 
Dustin Byfuglien         0  1  1  -1  6   1  2  0  1  1  0/0    24:55   7:22   1:22 
Jared Spurgeon           0  0  0   1  0   1  1  0  0  0  0/0    12:53   0:00   1:48 
Martin Hanzal            1  1  2   0  0   5  1  1  1  1  5/11   16:35   6:03   2:59 
Michael Del Zotto        0  0  0   0  2   0  2  2  0  1  0/0    18:23   0:00   1:11 
Mike Hoffman             0  0  0   0  0   1  0  0  0  1  1/1    14:54   6:03   0:00 
Pascal Dupuis            1  0  1   1  0   3  1  1  5  1  0/0    19:11   6:17   1:50 
Riley Sheahan            0  0  0   0  0   3  0  0  4  1  8/16   13:59   0:00   0:26 
Sami Vatanen             0  0  0   1  0   3  1  1  1  2  0/0    22:49   4:56   3:05 
Tanner Pearson           0  1  1   0  0   2  0  0  2  0  2/2    19:38   6:17   0:06 
Torey Krug               0  0  0   0  0   1  0  1  0  0  0/0    23:21   4:56   0:09 
Troy Brouwer             0  0  0   0  0   2  0  0  1  1  0/0     9:50   0:00   0:00 
Tyler Toffoli            1  1  2   0  0   2  0  0  4  0  0/1    13:18   6:03   0:00 

Players Stats for Sabres

Player Name              G  A  P  +/- PIM S  H  SB GA TA FO     MP     PP MP  PK MP  
------------------------------------------------------------------------------------
Alex Pietrangelo         0  0  0  -1  0   3  1  6  0  2  0/0    30:24   3:01   6:13 
Benoit Pouliot           1  0  1   0  2   1  3  0  0  0  0/1    12:56   2:14   0:43 
Blake Wheeler            2  1  3  -1  4   3  2  1  1  0  0/1    16:30   2:29   0:00 
Boyd Gordon              0  0  0   0  0   0  1  0  0  0  7/10   13:11   0:00   6:17 
Brooks Orpik             0  0  0  -1  0   0  3  0  0  3  0/0    20:03   0:00   6:13 
Chris Higgins            0  0  0   0  2   2  0  0  1  0  1/1    12:24   0:00   5:30 
David Perron             1  0  1   1  2   3  1  0  3  0  0/3    11:06   0:00   0:00 
Dwight King              0  0  0   0  0   2  0  0  0  0  1/1    12:05   0:00   5:29 
Gustav Nyquist           0  1  1   0  2   2  0  0  3  0  0/1    13:58   2:53   0:00 
Jay Bouwmeester          0  1  1   0  0   0  1  3  0  2  0/0    25:37   2:20   6:07 
Matt Stajan              0  0  0   0  0   1  0  2  0  0  1/3    10:43   0:00   0:00 
Nate Schmidt             0  1  1   1  0   1  0  0  0  0  0/0     8:57   0:00   0:00 
Nikita Zadorov           0  2  2   2  2   2  0  0  0  0  0/0    22:34   2:20   5:02 
Pierre-Alexandre Parente 0  0  0   0  0   1  0  1  2  0  0/0    10:43   0:00   0:00 
Rasmus Ristolainen       0  0  0  -1  0   0  2  1  0  0  0/0    21:44   3:01   1:17 
Ryan Kesler              0  0  0   0  2   5  3  1  1  2  9/21   21:00   2:25   5:46 
Sidney Crosby            0  0  0  -1  2   2  1  0  7  1  9/20   18:50   3:01   0:00 
Steven Stamkos           0  0  0   0  2   2  0  0  1  0  0/0    17:18   3:01   0:00 

3 Stars

1 - Blake Wheeler (Buf)
2 - Martin Hanzal (Chi)
3 - Tyler Toffoli (Chi)

Power Play

Blackhawks - 1 on 10 Attempt(s) - 10.00%
Sabres - 2 on 6 Attempt(s) - 33.33%

Penalty Kill

Blackhawks - 4 on 6 Attempt(s) - 66.67% - Score 0 goal in Penalty Kill
Sabres - 9 on 10 Attempt(s) - 90.00% - Score 0 goal in Penalty Kill

Team Stat

Blackhawks - Hits : 20 - Faceoff Wins : 34 - Blocked Shots : 7 - Penalty Minutes : 12
Sabres - Hits : 18 - Faceoff Wins : 28 - Blocked Shots : 15 - Penalty Minutes : 20

Official

Referees : Unknown
Linesman : Unknown

Game Notes

No Game Note

Finance

Level 1 -- Attendance: 5576 (92.93%) -- Ticket Income $368,016
Level 2 -- Attendance: 5000 (100.00%) -- Ticket Income $215,000
Level 3 -- Attendance: 2000 (100.00%) -- Ticket Income $52,000
Level 4 -- Attendance: 4000 (100.00%) -- Ticket Income $56,000
Luxury Box -- Attendance: 925 (92.50%) -- Ticket Income $152,625
Game was played at the HSBC Arena.
Total Attendance: 17501 (97.23%)
Total Ticket Income: $843,641
Other Income: $413,384
Total Income: $1,257,025

Blackhawks

5 vs 5 Forward 
   Center                   Left Wing                Right Wing               Time % Phy DF OF 
 1 Martin Hanzal            Tanner Pearson           Tyler Toffoli            25     0   1  4  
 2 Riley Sheahan            Mike Hoffman             Craig Smith              25     0   1  4  
 3 David Backes             Pascal Dupuis            Brooks Laich             25     1   1  3  
 4 Andrew Shaw              Brock Nelson             Troy Brouwer             25     1   2  2  

5 vs 5 Defense 
   Defense                  Defense                                           Time % Phy DF OF 
 1 Dustin Byfuglien         Brent Burns                                       30     1   2  2  
 2 Jared Spurgeon           Sami Vatanen                                      30     1   2  2  
 3 Torey Krug               Michael Del Zotto                                 30     1   2  2  
 4 Jared Spurgeon           Sami Vatanen                                      10     1   2  2  

PowerPlay Forward 
   Center                   Left Wing                Right Wing               Time % Phy DF OF 
 1 David Backes             Pascal Dupuis            Tanner Pearson           60     0   1  4  
 2 Martin Hanzal            Mike Hoffman             Tyler Toffoli            40     0   1  4  

PowerPlay Defense
   Defense                  Defense                                           Time % Phy DF OF 
 1 Dustin Byfuglien         Brent Burns                                       60     1   1  3  
 2 Torey Krug               Sami Vatanen                                      40     1   1  3  

Penalty Kill 4 Players Forward 
   Center                   Wing                     Time % Phy DF OF 
 1 David Backes             Pascal Dupuis            50     1   3  1  
 2 Martin Hanzal            Brooks Laich             50     1   3  1  

Penalty Kill 4 Players Defense
   Defense                  Defense                  Time % Phy DF OF 
 1 Jared Spurgeon           Sami Vatanen             50     2   3  0  
 2 Brent Burns              Michael Del Zotto        50     2   3  0  

Penalty Kill - 3 Players Forward 
   Forward                                           Time % Phy DF OF 
 1 David Backes                                      50     1   4  0  
 2 Troy Brouwer                                      50     1   4  0  

Penalty Kill - 3 Players Defense
   Defense                  Defense                  Time % Phy DF OF 
 1 Jared Spurgeon           Sami Vatanen             50     1   4  0  
 2 Brent Burns              Michael Del Zotto        50     1   4  0  

4 vs 4 Forward 
   Center                   Wing                     Time % Phy DF OF 
 1 Riley Sheahan            Craig Smith              50     0   2  3  
 2 Brock Nelson             Tanner Pearson           50     0   2  3  

4 vs 4 Defense
   Defense                  Defense                  Time % Phy DF OF 
 1 Torey Krug               Michael Del Zotto        50     1   2  2  
 2 Dustin Byfuglien         Brent Burns              50     1   2  2  

Last Minutes Offensive
   Center                   Left Wing                Right Wing               Defense                  Defense                  
   David Backes             Mike Hoffman             Pascal Dupuis            Brent Burns              Dustin Byfuglien         

Last Minutes Defensive
   Center                   Left Wing                Right Wing               Defense                  Defense                  
   David Backes             Pascal Dupuis            Troy Brouwer             Jared Spurgeon           Sami Vatanen             

Goaltenders
Starting : Craig Anderson           
Backup : Scott Darling            

Extra Forwards
Normal : Mike Hoffman, Pascal Dupuis, Brock Nelson - PP : Mike Hoffman, Pascal Dupuis - PK : Brooks Laich
Extra Defensemen
Normal : Sami Vatanen, Torey Krug, Dustin Byfuglien - PP : Torey Krug - PK : Michael Del Zotto, Sami Vatanen
Penalty Shots
Brock Nelson, Riley Sheahan, Pascal Dupuis, Craig Smith, Sami Vatanen

Sabres

5 vs 5 Forward 
   Center                   Left Wing                Right Wing               Time % Phy DF OF 
 1 Sidney Crosby            Gustav Nyquist           Blake Wheeler            35     0   2  3  
 2 Ryan Kesler              Benoit Pouliot           Steven Stamkos           33     0   2  3  
 3 Matt Stajan              David Perron             Pierre-Alexandre Parentea20     1   2  2  
 4 Boyd Gordon              Chris Higgins            Dwight King              12     2   3  0  

5 vs 5 Defense 
   Defense                  Defense                                           Time % Phy DF OF 
 1 Alex Pietrangelo         Brooks Orpik                                      35     1   2  2  
 2 Jay Bouwmeester          Rasmus Ristolainen                                30     1   3  1  
 3 Nikita Zadorov           Nate Schmidt                                      25     3   2  0  
 4 Alex Pietrangelo         Jay Bouwmeester                                   10     0   2  3  

PowerPlay Forward 
   Center                   Left Wing                Right Wing               Time % Phy DF OF 
 1 Sidney Crosby            Gustav Nyquist           Steven Stamkos           57     0   0  5  
 2 Ryan Kesler              Benoit Pouliot           Blake Wheeler            43     0   1  4  

PowerPlay Defense
   Defense                  Defense                                           Time % Phy DF OF 
 1 Alex Pietrangelo         Rasmus Ristolainen                                57     0   1  4  
 2 Jay Bouwmeester          Nikita Zadorov                                    43     1   1  3  

Penalty Kill 4 Players Forward 
   Center                   Wing                     Time % Phy DF OF 
 1 Boyd Gordon              Chris Higgins            50     2   3  0  
 2 Ryan Kesler              Dwight King              50     1   4  0  

Penalty Kill 4 Players Defense
   Defense                  Defense                  Time % Phy DF OF 
 1 Alex Pietrangelo         Brooks Orpik             50     1   3  1  
 2 Jay Bouwmeester          Nikita Zadorov           50     2   3  0  

Penalty Kill - 3 Players Forward 
   Forward                                           Time % Phy DF OF 
 1 Boyd Gordon                                       50     1   4  0  
 2 Ryan Kesler                                       50     1   4  0  

Penalty Kill - 3 Players Defense
   Defense                  Defense                  Time % Phy DF OF 
 1 Alex Pietrangelo         Brooks Orpik             50     2   2  1  
 2 Jay Bouwmeester          Nikita Zadorov           50     2   2  1  

4 vs 4 Forward 
   Center                   Wing                     Time % Phy DF OF 
 1 Sidney Crosby            Steven Stamkos           57     0   2  3  
 2 Ryan Kesler              Blake Wheeler            43     1   2  2  

4 vs 4 Defense
   Defense                  Defense                  Time % Phy DF OF 
 1 Alex Pietrangelo         Rasmus Ristolainen       57     1   2  2  
 2 Jay Bouwmeester          Nikita Zadorov           43     1   2  2  

Last Minutes Offensive
   Center                   Left Wing                Right Wing               Defense                  Defense                  
   Sidney Crosby            Gustav Nyquist           Steven Stamkos           Alex Pietrangelo         Rasmus Ristolainen       

Last Minutes Defensive
   Center                   Left Wing                Right Wing               Defense                  Defense                  
   Ryan Kesler              Chris Higgins            Blake Wheeler            Alex Pietrangelo         Brooks Orpik             

Goaltenders
Starting : Karri Ramo               
Backup : Ondrej Pavelec           

Extra Forwards
Normal : Gustav Nyquist, David Perron, Benoit Pouliot - PP : Blake Wheeler, David Perron - PK : Chris Higgins
Extra Defensemen
Normal : Rasmus Ristolainen, Nikita Zadorov, Nate Schmidt - PP : Nikita Zadorov - PK : Rasmus Ristolainen, Nikita Zadorov
Penalty Shots
Sidney Crosby, Steven Stamkos, Gustav Nyquist, Ryan Kesler, Blake Wheeler

% Time on Ice - Blackhawks

Lines # - Real PCT - Wanted PCT - Time Play
Normal Forward
1 - 23% - 25% - 8:41
2 - 25% - 25% - 9:09
3 - 26% - 25% - 9:38
4 - 26% - 25% - 9:50
Normal Defense
1 - 34% - 30% - 12:42
2 - 32% - 30% - 11:51
3 - 31% - 30% - 11:37
4 - 3% - 10% - 1:08
PP Forward
1 - 51% - 60% - 6:17
2 - 49% - 40% - 6:03
PP Defense
1 - 60% - 60% - 7:24
2 - 40% - 40% - 4:56
PK Forward
1 - 42% - 50% - 2:16
2 - 58% - 50% - 3:05
PK Defense
1 - 36% - 50% - 1:57
2 - 64% - 50% - 3:24
PK3 Forward
1 - 0% - 50%
2 - 0% - 50%
PK3 Defense
1 - 0% - 50%
2 - 0% - 50%
44 Forward
1 - 49% - 50% - 4:42
2 - 51% - 50% - 4:53
44 Defense
1 - 55% - 50% - 5:14
2 - 45% - 50% - 4:21
Last Minute Offensive  - 0:00
Last Minute Defensive  - 0:00
Total
Forward - 64:34
Defense - 64:34

% Time on Ice - Sabres

Lines # - Real PCT - Wanted PCT - Time Play
Normal Forward
1 - 28% - 35% - 10:25
2 - 27% - 33% - 10:05
3 - 29% - 20% - 10:43
4 - 16% - 12% - 6:05
Normal Defense
1 - 40% - 35% - 15:05
2 - 34% - 30% - 12:52
3 - 24% - 25% - 8:57
4 - 1% - 10% - 0:24
PP Forward
1 - 56% - 57% - 3:01
2 - 44% - 43% - 2:20
PP Defense
1 - 56% - 57% - 3:01
2 - 44% - 43% - 2:20
PK Forward
1 - 51% - 50% - 5:57
2 - 49% - 50% - 5:41
PK Defense
1 - 47% - 50% - 5:31
2 - 53% - 50% - 6:07
PK3 Forward
1 - 48% - 50% - 0:20
2 - 52% - 50% - 0:22
PK3 Defense
1 - 100% - 50% - 0:42
2 - 0% - 50% - 0:00
44 Forward
1 - 66% - 57% - 6:20
2 - 34% - 43% - 3:15
44 Defense
1 - 59% - 57% - 5:41
2 - 41% - 43% - 3:54
Last Minute Offensive  - 0:00
Last Minute Defensive  - 0:00
Total
Forward - 64:34
Defense - 64:34

Play by Play

1st period


0:01 of 1st period - Tanner Pearson wins face-off versus Sidney Crosby in neutral zone.
0:04 of 1st period - Snap shot by Tyler Toffoli.
0:04 of 1st period - Shot Misses the Net.
0:06 of 1st period - Slapshot by Dustin Byfuglien.
0:06 of 1st period - Deflect By Tyler Toffoli.
0:06 of 1st period - Shot Blocked by Alex Pietrangelo.
0:06 of 1st period - Puck is out of play.
0:07 of 1st period - Sidney Crosby wins face-off versus Martin Hanzal in Sabres zone.
0:21 of 1st period - Wrist shot by Tyler Toffoli.
0:21 of 1st period - Shot Misses the Net.
0:23 of 1st period - Snap shot by Brent Burns.
0:23 of 1st period - Deflect By Blake Wheeler.
0:23 of 1st period - Stopped by Karri Ramo with a rebound.
0:25 of 1st period - Backhand shot by Brent Burns.
0:25 of 1st period - Shot Misses the Net.
0:27 of 1st period - Snap shot by Martin Hanzal.
0:27 of 1st period - Stopped by Karri Ramo with a rebound.
0:29 of 1st period - Wrist shot by Tyler Toffoli.
0:29 of 1st period - Stopped by Karri Ramo with a rebound.
0:31 of 1st period - Slapshot by Brent Burns.
0:31 of 1st period - Deflect By Blake Wheeler.
0:31 of 1st period - Stopped by Karri Ramo without a rebound.
0:32 of 1st period - Ryan Kesler wins face-off versus Riley Sheahan in Sabres zone.
0:34 of 1st period - Minor Penalty to Steven Stamkos for Slashing.
0:35 of 1st period - Boyd Gordon wins face-off versus David Backes in Sabres zone.
1:34 of 1st period - Icing by Sami Vatanen.
1:35 of 1st period - Mike Hoffman wins face-off versus Ryan Kesler in Blackhawks zone.
2:20 of 1st period - Chris Higgins is hit by Martin Hanzal and loses puck.
2:34 of 1st period - Penalty to Steven Stamkos is over, Steven Stamkos is back on ice.
2:52 of 1st period - Steven Stamkos is hit by David Backes and loses puck.
3:11 of 1st period - Snap shot by Dustin Byfuglien.
3:11 of 1st period - Shot Misses the Net.
3:23 of 1st period - Slapshot by Dustin Byfuglien.
3:23 of 1st period - Deflect By Brock Nelson.
3:23 of 1st period - Shot Blocked by Matt Stajan.
3:23 of 1st period - Puck is out of play.
3:24 of 1st period - Matt Stajan wins face-off versus Riley Sheahan in Sabres zone.
3:24 of 1st period - Matt Stajan is hit by Craig Smith.
4:37 of 1st period - Snap shot by Sidney Crosby.
4:37 of 1st period - Deflect By Blake Wheeler.
4:37 of 1st period - Shot Misses the Net.
4:37 of 1st period - Puck is out of play.
4:38 of 1st period - Andrew Shaw wins face-off versus Ryan Kesler in Blackhawks zone.
5:03 of 1st period - Wrist shot by Brock Nelson.
5:03 of 1st period - Deflect By Ryan Kesler.
5:03 of 1st period - Stopped by Karri Ramo with a rebound.
5:05 of 1st period - Slapshot by Dustin Byfuglien.
5:05 of 1st period - Shot Misses the Net.
5:07 of 1st period - Slapshot by Brock Nelson.
5:07 of 1st period - Stopped by Karri Ramo with a rebound.
5:41 of 1st period - Backhand shot by Chris Higgins.
5:41 of 1st period - Stopped by Craig Anderson without a rebound.
5:42 of 1st period - Boyd Gordon wins face-off versus Riley Sheahan in Blackhawks zone.
6:23 of 1st period - Mike Hoffman is hit by Brooks Orpik and loses puck.
7:04 of 1st period - David Perron is hit by Michael Del Zotto and loses puck.
7:29 of 1st period - Sami Vatanen is hit by David Perron and loses puck.
7:42 of 1st period - Minor Penalty to Dustin Byfuglien for Hooking.
7:43 of 1st period - Martin Hanzal wins face-off versus Sidney Crosby in Blackhawks zone.
8:08 of 1st period - Brooks Laich is hit by Sidney Crosby and loses puck.
8:33 of 1st period - Wrist shot by Benoit Pouliot.
8:33 of 1st period - Goal by Benoit Pouliot - Blackhawks : 0 - Sabres : 1.
8:34 of 1st period - Andrew Shaw wins face-off versus Ryan Kesler in neutral zone.
8:45 of 1st period - Snap shot by Andrew Shaw.
8:45 of 1st period - Shot Blocked by Rasmus Ristolainen.
9:44 of 1st period - Snap shot by Martin Hanzal.
9:44 of 1st period - Stopped by Karri Ramo with a rebound.
9:56 of 1st period - Snap shot by Martin Hanzal.
9:56 of 1st period - Shot Hit the Post.
9:58 of 1st period - Wrist shot by Tyler Toffoli.
9:58 of 1st period - Deflect By Tanner Pearson.
9:58 of 1st period - Stopped by Karri Ramo with a rebound.
10:00 of 1st period - Slapshot by Sami Vatanen.
10:00 of 1st period - Stopped by Karri Ramo without a rebound.
10:01 of 1st period - Riley Sheahan wins face-off versus Sidney Crosby in Sabres zone.
10:20 of 1st period - Snap shot by Riley Sheahan.
10:20 of 1st period - Stopped by Karri Ramo with a rebound.
10:54 of 1st period - David Perron is hit by David Backes and loses puck.
11:19 of 1st period - David Perron is hit by Brooks Laich and loses puck.
11:57 of 1st period - Sami Vatanen is hit by Ryan Kesler and loses puck.
12:22 of 1st period - Slapshot by Jay Bouwmeester.
12:22 of 1st period - Shot Misses the Net.
12:27 of 1st period - Minor Penalty to Andrew Shaw for Hooking.
12:28 of 1st period - Sidney Crosby wins face-off versus David Backes in Blackhawks zone.
12:33 of 1st period - Wrist shot by Alex Pietrangelo.
12:33 of 1st period - Deflect By Steven Stamkos.
12:33 of 1st period - Shot Misses the Net.
12:33 of 1st period - Puck is out of play.
12:34 of 1st period - David Backes wins face-off versus Gustav Nyquist in Blackhawks zone.
13:23 of 1st period - Sami Vatanen is hit by Blake Wheeler and loses puck.
13:34 of 1st period - Snap shot by David Backes.
13:34 of 1st period - Stopped by Karri Ramo without a rebound.
13:35 of 1st period - David Backes wins face-off versus Ryan Kesler in Sabres zone.
13:57 of 1st period - Brent Burns is hit by Blake Wheeler and loses puck.
14:27 of 1st period - Penalty to Andrew Shaw is over, Andrew Shaw is back on ice.
15:45 of 1st period - Snap shot by Dwight King.
15:45 of 1st period - Stopped by Craig Anderson without a rebound.
15:46 of 1st period - Andrew Shaw wins face-off versus Boyd Gordon in Blackhawks zone.
16:26 of 1st period - Chris Higgins is hit by Andrew Shaw and loses puck.
16:47 of 1st period - Brooks Laich is hit by Alex Pietrangelo and loses puck.
16:58 of 1st period - Snap shot by Sidney Crosby.
16:58 of 1st period - Shot Misses the Net.
17:00 of 1st period - Slapshot by Alex Pietrangelo.
17:00 of 1st period - Shot Misses the Net.
17:07 of 1st period - Minor Penalty to Gustav Nyquist for Hooking.
17:08 of 1st period - Tanner Pearson wins face-off versus Ryan Kesler in Sabres zone.
17:37 of 1st period - Minor Penalty to Dustin Byfuglien for Slashing.
17:38 of 1st period - Riley Sheahan wins face-off versus Sidney Crosby in Blackhawks zone.
18:00 of 1st period - Wrist shot by Sidney Crosby.
18:00 of 1st period - Shot Misses the Net.
18:02 of 1st period - Backhand shot by Sidney Crosby.
18:02 of 1st period - Stopped by Craig Anderson with a rebound.
18:04 of 1st period - Slapshot by Alex Pietrangelo.
18:04 of 1st period - Shot Blocked by Torey Krug.
18:14 of 1st period - Snap shot by Steven Stamkos.
18:14 of 1st period - Shot Misses the Net.
19:07 of 1st period - Penalty to Gustav Nyquist is over, Gustav Nyquist is back on ice.
19:12 of 1st period - Snap shot by Blake Wheeler.
19:12 of 1st period - Goal by Blake Wheeler - Blackhawks : 0 - Sabres : 2.
19:13 of 1st period - David Backes wins face-off versus David Perron in neutral zone.
19:20 of 1st period - Snap shot by David Backes.
19:20 of 1st period - Shot Blocked by Alex Pietrangelo.
19:32 of 1st period - Slapshot by David Backes.
19:32 of 1st period - Stopped by Karri Ramo without a rebound.
19:33 of 1st period - David Backes wins face-off versus David Perron in Sabres zone.
19:50 of 1st period - Snap shot by Pascal Dupuis.
19:50 of 1st period - Shot Misses the Net.
19:52 of 1st period - Slapshot by Jared Spurgeon.
19:52 of 1st period - Stopped by Karri Ramo without a rebound.
19:53 of 1st period - Sidney Crosby wins face-off versus Martin Hanzal in Sabres zone.
Goals for this period are 0 for Blackhawks vs 2 for Sabres.
Shots for this period are 13 for Blackhawks vs 5 for Sabres.

2nd period


0:01 of 2nd period - Martin Hanzal wins face-off versus Sidney Crosby in neutral zone.
0:08 of 2nd period - Wrist shot by Martin Hanzal.
0:08 of 2nd period - Goal by Martin Hanzal - Blackhawks : 1 - Sabres : 2.
0:09 of 2nd period - Sidney Crosby wins face-off versus Andrew Shaw in neutral zone.
0:18 of 2nd period - Snap shot by Andrew Shaw.
0:18 of 2nd period - Stopped by Karri Ramo without a rebound.
0:19 of 2nd period - Andrew Shaw wins face-off versus Sidney Crosby in Sabres zone.
0:32 of 2nd period - Wrist shot by Troy Brouwer.
0:32 of 2nd period - Stopped by Karri Ramo with a rebound.
0:34 of 2nd period - Slapshot by Sami Vatanen.
0:34 of 2nd period - Shot Blocked by Jay Bouwmeester.
0:36 of 2nd period - Wrist shot by Sami Vatanen.
0:36 of 2nd period - Shot Blocked by Jay Bouwmeester.
0:52 of 2nd period - Wrist shot by Andrew Shaw.
0:52 of 2nd period - Stopped by Karri Ramo with a rebound.
0:54 of 2nd period - Snap shot by Troy Brouwer.
0:54 of 2nd period - Deflect By Brock Nelson.
0:54 of 2nd period - Stopped by Karri Ramo with a rebound.
1:16 of 2nd period - Icing by Ryan Kesler.
1:17 of 2nd period - Martin Hanzal wins face-off versus Ryan Kesler in Sabres zone.
1:28 of 2nd period - Wrist shot by Ryan Kesler.
1:28 of 2nd period - Stopped by Craig Anderson with a rebound.
1:30 of 2nd period - Wrist shot by Steven Stamkos.
1:30 of 2nd period - Stopped by Craig Anderson with a rebound.
1:32 of 2nd period - Snap shot by Ryan Kesler.
1:32 of 2nd period - Shot Blocked by Martin Hanzal.
1:34 of 2nd period - Backhand shot by Ryan Kesler.
1:34 of 2nd period - Stopped by Craig Anderson without a rebound.
1:35 of 2nd period - David Backes wins face-off versus Matt Stajan in Blackhawks zone.
2:11 of 2nd period - Slapshot by David Perron.
2:11 of 2nd period - Deflect By Pierre-Alexandre Parenteau.
2:11 of 2nd period - Stopped by Craig Anderson with a rebound.
3:31 of 2nd period - Snap shot by Sidney Crosby.
3:31 of 2nd period - Stopped by Craig Anderson without a rebound.
3:32 of 2nd period - Sidney Crosby wins face-off versus Martin Hanzal in Blackhawks zone.
3:52 of 2nd period - Minor Penalty to Blake Wheeler for Hooking.
3:53 of 2nd period - Boyd Gordon wins face-off versus David Backes in Sabres zone.
4:55 of 2nd period - Martin Hanzal is hit by Ryan Kesler and loses puck.
5:10 of 2nd period - Snap shot by Ryan Kesler.
5:10 of 2nd period - Stopped by Craig Anderson with a rebound.
5:12 of 2nd period - Slapshot by Ryan Kesler.
5:12 of 2nd period - Stopped by Craig Anderson with a rebound.
5:52 of 2nd period - Penalty to Blake Wheeler is over, Blake Wheeler is back on ice.
5:56 of 2nd period - Snap shot by Pascal Dupuis.
5:56 of 2nd period - Deflect By Tanner Pearson.
5:56 of 2nd period - Stopped by Karri Ramo without a rebound.
5:57 of 2nd period - David Backes wins face-off versus Sidney Crosby in Sabres zone.
6:00 of 2nd period - Snap shot by Pascal Dupuis.
6:00 of 2nd period - Goal by Pascal Dupuis - Blackhawks : 2 - Sabres : 2.
6:01 of 2nd period - Andrew Shaw wins face-off versus Sidney Crosby in neutral zone.
6:04 of 2nd period - Snap shot by Torey Krug.
6:04 of 2nd period - Shot Misses the Net.
6:10 of 2nd period - Michael Del Zotto is hit by Brooks Orpik and loses puck.
6:30 of 2nd period - Minor Penalty to Blake Wheeler for Roughing.
6:31 of 2nd period - Ryan Kesler wins face-off versus David Backes in Sabres zone.
6:31 of 2nd period - Ryan Kesler is hit by Brent Burns.
6:39 of 2nd period - Minor Penalty to Dustin Byfuglien for Tripping.
6:40 of 2nd period - Sidney Crosby wins face-off versus Brock Nelson in Blackhawks zone.
7:00 of 2nd period - Wrist shot by Brock Nelson.
7:00 of 2nd period - Shot Misses the Net.
7:02 of 2nd period - Slapshot by Sami Vatanen.
7:02 of 2nd period - Stopped by Karri Ramo with a rebound.
7:30 of 2nd period - Snap shot by Craig Smith.
7:30 of 2nd period - Stopped by Karri Ramo with a rebound.
8:30 of 2nd period - Penalty to Blake Wheeler is over, Blake Wheeler is back on ice.
8:38 of 2nd period - Sidney Crosby is hit by Michael Del Zotto and loses puck.
8:39 of 2nd period - Penalty to Dustin Byfuglien is over, Dustin Byfuglien is back on ice.
8:42 of 2nd period - Icing by Steven Stamkos.
8:43 of 2nd period - Sidney Crosby wins face-off versus David Backes in Sabres zone.
9:06 of 2nd period - Slapshot by David Perron.
9:06 of 2nd period - Shot Misses the Net.
9:08 of 2nd period - Slapshot by Brooks Orpik.
9:08 of 2nd period - Shot Blocked by Pascal Dupuis.
9:10 of 2nd period - Backhand shot by Matt Stajan.
9:10 of 2nd period - Stopped by Craig Anderson with a rebound.
9:12 of 2nd period - Snap shot by Alex Pietrangelo.
9:12 of 2nd period - Shot Misses the Net.
9:14 of 2nd period - Slapshot by Brooks Orpik.
9:14 of 2nd period - Shot Misses the Net.
9:26 of 2nd period - Minor Penalty to Nikita Zadorov for Roughing.
9:27 of 2nd period - Ryan Kesler wins face-off versus Tyler Toffoli in Sabres zone.
10:43 of 2nd period - Minor Penalty to Chris Higgins for High sticking.
10:44 of 2nd period - David Backes wins face-off versus Ryan Kesler in Sabres zone.
11:04 of 2nd period - Snap shot by Pascal Dupuis.
11:04 of 2nd period - Stopped by Karri Ramo with a rebound.
11:06 of 2nd period - Wrist shot by David Backes.
11:06 of 2nd period - Shot Misses the Net.
11:08 of 2nd period - Wrist shot by Sami Vatanen.
11:08 of 2nd period - Stopped by Karri Ramo without a rebound.
11:09 of 2nd period - Boyd Gordon wins face-off versus Martin Hanzal in Sabres zone.
11:18 of 2nd period - Wrist shot by Mike Hoffman.
11:18 of 2nd period - Stopped by Karri Ramo with a rebound.
11:20 of 2nd period - Slapshot by Brent Burns.
11:20 of 2nd period - Shot Blocked by Alex Pietrangelo.
11:22 of 2nd period - Snap shot by Tyler Toffoli.
11:22 of 2nd period - Shot Misses the Net.
11:26 of 2nd period - Penalty to Nikita Zadorov is over, Nikita Zadorov is back on ice.
11:30 of 2nd period - Slapshot by Brent Burns.
11:30 of 2nd period - Shot Blocked by Ryan Kesler.
12:43 of 2nd period - Penalty to Chris Higgins is over, Chris Higgins is back on ice.
13:32 of 2nd period - Minor Penalty to Sidney Crosby for Holding.
13:33 of 2nd period - Ryan Kesler wins face-off versus Martin Hanzal in Sabres zone.
13:33 of 2nd period - Ryan Kesler is hit by Dustin Byfuglien.
14:03 of 2nd period - Wrist shot by Ryan Kesler.
14:03 of 2nd period - Stopped by Craig Anderson without a rebound.
14:04 of 2nd period - Boyd Gordon wins face-off versus David Backes in Blackhawks zone.
14:05 of 2nd period - Snap shot by Chris Higgins.
14:05 of 2nd period - Stopped by Craig Anderson with a rebound.
14:27 of 2nd period - Brent Burns is hit by Boyd Gordon and loses puck.
14:58 of 2nd period - Snap shot by David Backes.
14:58 of 2nd period - Stopped by Karri Ramo without a rebound.
14:59 of 2nd period - Ryan Kesler wins face-off versus David Backes in Sabres zone.
15:32 of 2nd period - Penalty to Sidney Crosby is over, Sidney Crosby is back on ice.
16:13 of 2nd period - Snap shot by David Perron.
16:13 of 2nd period - Shot Misses the Net.
16:40 of 2nd period - Minor Penalty to Michael Del Zotto for Tripping.
16:41 of 2nd period - Martin Hanzal wins face-off versus Sidney Crosby in Blackhawks zone.
17:14 of 2nd period - Slapshot by Gustav Nyquist.
17:14 of 2nd period - Stopped by Craig Anderson with a rebound.
17:16 of 2nd period - Slapshot by Alex Pietrangelo.
17:16 of 2nd period - Deflect By Sami Vatanen.
17:16 of 2nd period - Stopped by Craig Anderson with a rebound.
17:18 of 2nd period - Slapshot by Alex Pietrangelo.
17:18 of 2nd period - Shot Blocked by Sami Vatanen.
17:30 of 2nd period - Slapshot by Benoit Pouliot.
17:30 of 2nd period - Shot Misses the Net.
17:32 of 2nd period - Slapshot by Alex Pietrangelo.
17:32 of 2nd period - Stopped by Craig Anderson with a rebound.
17:34 of 2nd period - Wrist shot by Jay Bouwmeester.
17:34 of 2nd period - Deflect By Ryan Kesler.
17:34 of 2nd period - Shot Misses the Net.
17:34 of 2nd period - Puck is out of play.
17:35 of 2nd period - David Backes wins face-off versus Ryan Kesler in Blackhawks zone.
18:40 of 2nd period - Penalty to Michael Del Zotto is over, Michael Del Zotto is back on ice.
19:21 of 2nd period - Slapshot by Craig Smith.
19:21 of 2nd period - Stopped by Karri Ramo with a rebound.
Goals for this period are 2 for Blackhawks vs 0 for Sabres.
Shots for this period are 14 for Blackhawks vs 13 for Sabres.

3rd period


0:01 of 3rd period - Ryan Kesler wins face-off versus Riley Sheahan in neutral zone.
0:11 of 3rd period - Off-side.
0:12 of 3rd period - Ryan Kesler wins face-off versus Riley Sheahan in neutral zone.
0:17 of 3rd period - Riley Sheahan is hit by Benoit Pouliot and loses puck.
0:26 of 3rd period - Brooks Orpik is hit by Craig Smith and loses puck.
1:20 of 3rd period - Gustav Nyquist is hit by David Backes and loses puck.
2:04 of 3rd period - Slapshot by Martin Hanzal.
2:04 of 3rd period - Shot Misses the Net.
2:06 of 3rd period - Slapshot by Jared Spurgeon.
2:06 of 3rd period - Deflect By Tanner Pearson.
2:06 of 3rd period - Shot Hit the Post.
2:06 of 3rd period - Puck is out of play.
2:07 of 3rd period - Dwight King wins face-off versus Andrew Shaw in Sabres zone.
3:19 of 3rd period - Slapshot by Sami Vatanen.
3:19 of 3rd period - Shot Misses the Net.
3:21 of 3rd period - Snap shot by Sami Vatanen.
3:21 of 3rd period - Shot Misses the Net.
3:54 of 3rd period - Wrist shot by Pascal Dupuis.
3:54 of 3rd period - Shot Blocked by Alex Pietrangelo.
3:56 of 3rd period - Backhand shot by David Backes.
3:56 of 3rd period - Shot Hit the Post.
3:58 of 3rd period - Snap shot by David Backes.
3:58 of 3rd period - Stopped by Karri Ramo with a rebound.
4:00 of 3rd period - Snap shot by Pascal Dupuis.
4:00 of 3rd period - Stopped by Karri Ramo without a rebound.
4:01 of 3rd period - David Backes wins face-off versus Benoit Pouliot in Sabres zone.
5:06 of 3rd period - Snap shot by Gustav Nyquist.
5:06 of 3rd period - Shot Blocked by Brent Burns.
5:08 of 3rd period - Slapshot by Nikita Zadorov.
5:08 of 3rd period - Stopped by Craig Anderson with a rebound.
5:10 of 3rd period - Snap shot by Nate Schmidt.
5:10 of 3rd period - Deflect By Blake Wheeler.
5:10 of 3rd period - Goal by Blake Wheeler - Blackhawks : 2 - Sabres : 3.
5:11 of 3rd period - Boyd Gordon wins face-off versus Riley Sheahan in neutral zone.
5:23 of 3rd period - Snap shot by Craig Smith.
5:23 of 3rd period - Deflect By Riley Sheahan.
5:23 of 3rd period - Shot Blocked by Alex Pietrangelo.
5:23 of 3rd period - Puck is out of play.
5:24 of 3rd period - Riley Sheahan wins face-off versus Boyd Gordon in Sabres zone.
5:51 of 3rd period - Wrist shot by Dwight King.
5:51 of 3rd period - Stopped by Craig Anderson with a rebound.
5:53 of 3rd period - Slapshot by Alex Pietrangelo.
5:53 of 3rd period - Stopped by Craig Anderson without a rebound.
5:54 of 3rd period - David Backes wins face-off versus Ryan Kesler in Blackhawks zone.
6:08 of 3rd period - Snap shot by Torey Krug.
6:08 of 3rd period - Stopped by Karri Ramo with a rebound.
6:10 of 3rd period - Snap shot by David Backes.
6:10 of 3rd period - Stopped by Karri Ramo without a rebound.
6:11 of 3rd period - David Backes wins face-off versus Ryan Kesler in Sabres zone.
6:27 of 3rd period - Minor Penalty to Ryan Kesler for Hooking.
6:28 of 3rd period - Chris Higgins wins face-off versus David Backes in Sabres zone.
6:28 of 3rd period - Chris Higgins is hit by David Backes.
6:44 of 3rd period - Minor Penalty to Brent Burns for Hooking.
6:45 of 3rd period - Sidney Crosby wins face-off versus Riley Sheahan in Blackhawks zone.
7:07 of 3rd period - Steven Stamkos is hit by Sami Vatanen and loses puck.
7:45 of 3rd period - Alex Pietrangelo is hit by Brock Nelson and loses puck.
8:15 of 3rd period - Wrist shot by Gustav Nyquist.
8:15 of 3rd period - Shot Misses the Net.
8:25 of 3rd period - Wrist shot by Gustav Nyquist.
8:25 of 3rd period - Stopped by Craig Anderson without a rebound.
8:26 of 3rd period - Riley Sheahan wins face-off versus Sidney Crosby in Blackhawks zone.
8:27 of 3rd period - Penalty to Ryan Kesler is over, Ryan Kesler is back on ice.
8:38 of 3rd period - Riley Sheahan is hit by Benoit Pouliot and loses puck.
8:44 of 3rd period - Penalty to Brent Burns is over, Brent Burns is back on ice.
9:28 of 3rd period - Matt Stajan is hit by Pascal Dupuis and loses puck.
10:04 of 3rd period - Minor Penalty to David Perron for Tripping.
10:05 of 3rd period - Martin Hanzal wins face-off versus Boyd Gordon in Sabres zone.
10:16 of 3rd period - Snap shot by Tyler Toffoli.
10:16 of 3rd period - Goal by Tyler Toffoli - Blackhawks : 3 - Sabres : 3.
10:17 of 3rd period - Riley Sheahan wins face-off versus Ryan Kesler in neutral zone.
10:21 of 3rd period - Minor Penalty to Benoit Pouliot for Roughing.
10:22 of 3rd period - Ryan Kesler wins face-off versus David Backes in Sabres zone.
10:53 of 3rd period - Wrist shot by Pascal Dupuis.
10:53 of 3rd period - Shot Hit the Post.
11:29 of 3rd period - Wrist shot by Martin Hanzal.
11:29 of 3rd period - Stopped by Karri Ramo without a rebound.
11:30 of 3rd period - Ryan Kesler wins face-off versus David Backes in Sabres zone.
12:21 of 3rd period - Penalty to Benoit Pouliot is over, Benoit Pouliot is back on ice.
12:21 of 3rd period - Mike Hoffman is hit by Jay Bouwmeester and loses puck.
12:33 of 3rd period - Martin Hanzal is hit by Benoit Pouliot and loses puck.
12:57 of 3rd period - Snap shot by Troy Brouwer.
12:57 of 3rd period - Shot Misses the Net.
12:59 of 3rd period - Snap shot by Troy Brouwer.
12:59 of 3rd period - Shot Blocked by Blake Wheeler.
13:01 of 3rd period - Snap shot by Troy Brouwer.
13:01 of 3rd period - Stopped by Karri Ramo without a rebound.
13:02 of 3rd period - David Backes wins face-off versus David Perron in Sabres zone.
13:05 of 3rd period - Snap shot by Pascal Dupuis.
13:05 of 3rd period - Shot Misses the Net.
13:07 of 3rd period - Wrist shot by Brooks Laich.
13:07 of 3rd period - Stopped by Karri Ramo without a rebound.
13:08 of 3rd period - David Backes wins face-off versus Matt Stajan in Sabres zone.
13:09 of 3rd period - Backhand shot by Pascal Dupuis.
13:09 of 3rd period - Shot Misses the Net.
13:23 of 3rd period - Snap shot by David Perron.
13:23 of 3rd period - Stopped by Craig Anderson with a rebound.
13:31 of 3rd period - Slapshot by David Backes.
13:31 of 3rd period - Shot Blocked by Pierre-Alexandre Parenteau.
14:27 of 3rd period - Riley Sheahan is hit by Brooks Orpik and loses puck.
14:50 of 3rd period - Slapshot by Riley Sheahan.
14:50 of 3rd period - Stopped by Karri Ramo with a rebound.
14:52 of 3rd period - Wrist shot by Riley Sheahan.
14:52 of 3rd period - Shot Blocked by Matt Stajan.
15:06 of 3rd period - Slapshot by Tanner Pearson.
15:06 of 3rd period - Shot Blocked by Alex Pietrangelo.
15:08 of 3rd period - Wrist shot by Tanner Pearson.
15:08 of 3rd period - Shot Misses the Net.
15:32 of 3rd period - Slapshot by Sami Vatanen.
15:32 of 3rd period - Shot Misses the Net.
15:42 of 3rd period - Snap shot by Ryan Kesler.
15:42 of 3rd period - Deflect By Steven Stamkos.
15:42 of 3rd period - Stopped by Craig Anderson with a rebound.
16:26 of 3rd period - Gustav Nyquist is hit by Andrew Shaw and loses puck.
16:49 of 3rd period - Blake Wheeler is hit by Craig Smith and loses puck.
17:09 of 3rd period - Chris Higgins is hit by Dustin Byfuglien and loses puck.
17:24 of 3rd period - Snap shot by Martin Hanzal.
17:24 of 3rd period - Stopped by Karri Ramo without a rebound.
17:25 of 3rd period - Boyd Gordon wins face-off versus Martin Hanzal in Sabres zone.
17:25 of 3rd period - Boyd Gordon is hit by Jared Spurgeon.
18:49 of 3rd period - Troy Brouwer is hit by Rasmus Ristolainen and loses puck.
19:41 of 3rd period - Slapshot by Nate Schmidt.
19:41 of 3rd period - Stopped by Craig Anderson with a rebound.
19:43 of 3rd period - Snap shot by Gustav Nyquist.
19:43 of 3rd period - Shot Hit the Post.
Goals for this period are 1 for Blackhawks vs 1 for Sabres.
Shots for this period are 10 for Blackhawks vs 8 for Sabres.

Overtime #1


0:01 of 1st overtime period - Sidney Crosby wins face-off versus Riley Sheahan in neutral zone.
0:56 of 1st overtime period - Tanner Pearson is hit by Rasmus Ristolainen and loses puck.
1:01 of 1st overtime period - Wrist shot by Sidney Crosby.
1:01 of 1st overtime period - Shot Blocked by Michael Del Zotto.
1:31 of 1st overtime period - Slapshot by Blake Wheeler.
1:31 of 1st overtime period - Stopped by Craig Anderson with a rebound.
1:33 of 1st overtime period - Slapshot by Jay Bouwmeester.
1:33 of 1st overtime period - Shot Blocked by Michael Del Zotto.
1:35 of 1st overtime period - Slapshot by Nikita Zadorov.
1:35 of 1st overtime period - Stopped by Craig Anderson without a rebound.
1:36 of 1st overtime period - Riley Sheahan wins face-off versus Sidney Crosby in Blackhawks zone.
2:34 of 1st overtime period - Icing by Michael Del Zotto.
2:35 of 1st overtime period - Riley Sheahan wins face-off versus Blake Wheeler in Blackhawks zone.
2:39 of 1st overtime period - Off-side.
2:40 of 1st overtime period - Riley Sheahan wins face-off versus Ryan Kesler in neutral zone.
3:04 of 1st overtime period - Michael Del Zotto is hit by Ryan Kesler and loses puck.
3:56 of 1st overtime period - Slapshot by Dustin Byfuglien.
3:56 of 1st overtime period - Shot Blocked by Jay Bouwmeester.
3:58 of 1st overtime period - Slapshot by Riley Sheahan.
3:58 of 1st overtime period - Stopped by Karri Ramo with a rebound.
4:00 of 1st overtime period - Slapshot by Dustin Byfuglien.
4:00 of 1st overtime period - Stopped by Karri Ramo with a rebound.
4:16 of 1st overtime period - Snap shot by Gustav Nyquist.
4:16 of 1st overtime period - Deflect By David Perron.
4:16 of 1st overtime period - Stopped by Craig Anderson with a rebound.
4:32 of 1st overtime period - Snap shot by Gustav Nyquist.
4:32 of 1st overtime period - Shot Misses the Net.
4:34 of 1st overtime period - Slapshot by Jay Bouwmeester.
4:34 of 1st overtime period - Deflect By David Perron.
4:34 of 1st overtime period - Goal by David Perron - Blackhawks : 3 - Sabres : 4.
Goals for this period are 0 for Blackhawks vs 1 for Sabres.
Shots for this period are 2 for Blackhawks vs 4 for Sabres.